Unix NetHack Version 3.7.0-88 Work-in-progress - last build Aug 21 2023 04:08:40 (b68ccb3e4f8f5dcb83e1e40b1ff56e7dffd4cd28,branch:master). Game began 2023-08-30 22:38:20, ended 2023-08-30 23:06:32. MargeBouvier, chaotic male orcish Wizard ------ -------- --------- #-....| |.<)...|##### ......{.| ---------- #|....| |......-#### |.......-#####|........| ####|....| ###.......|# ######........| #*...^....| # -.---- ## |......|# -+------- #|.........### # --------------- ## |......|# ---------- # |..............## |......|# ### |........(....|## --------# # |..>......^...|###########)### # --------------- M -@--- |.@.| |(..| |.f.| |..)| ----- MargeBouvier the Conjurer St:11 Dx:14 Co:15 In:16 Wi:15 Ch:10 Chaotic Dlvl:7 $:295 HP:0(37) Pw:37(51) AC:9 Exp:5 T:5311 Fainted Burdened Deaf Latest messages: You hit the gecko. The gecko bites! You hit the gecko. Wizard needs food, badly! You miss the gecko. You feel more confident in your weapon skills. (Use the #enhance command to advance them.) You kill the gecko! Scrag-Bag picks up a dart. Scrag-Bag drops a dart. Scrag-Bag picks up a dart. You swap places with Scrag-Bag. "Hello, MargeBouvier! Welcome again to Chicoutimi's general store!" You swap places with Scrag-Bag. "Hello, MargeBouvier! Welcome again to Chicoutimi's general store!" Are you waiting to get hit? Use 'm' prefix to force a no-op (to rest). In what direction? The spell misses the gnome mummy. In what direction? The spell hits the gnome mummy! The gnome mummy resists! In what direction? The spell misses the gnome mummy. The gnome mummy hits! You are too hungry to cast that spell. You miss the gnome mummy. The gnome mummy hits! You are too hungry to cast that spell. You hit the gnome mummy! The gnome mummy hits! You are too hungry to cast that spell. You hit the gnome mummy! The gnome mummy hits! The gnome mummy hits! You are too hungry to cast that spell. You miss the gnome mummy. The gnome mummy hits! You faint from lack of food. The gnome mummy hits! The gnome mummy hits! The gnome mummy hits! The gnome mummy hits! Scrag-Bag picks up a dart. The gnome mummy hits! You die... Do you want your possessions identified? [ynq] (y) Do you want to see your attributes? [ynq] (y) Do you want an account of creatures vanquished? [ynaq] (y) Do you want to see your conduct and achievements? [ynq] (y) Do you want to see the dungeon overview? [ynq] (y) Inventory: Coins $ - 295 gold pieces Weapons a - a blessed +1 quarterstaff named 3819 (weapon in hands) Armor Q - a blessed +0 cloak of invisibility b - an uncursed +0 cloak of magic resistance (being worn) n - an uncursed +0 mummy wrapping Comestibles o - 2 uncursed eucalyptus leaves R - 2 uncursed food rations O - 4 uncursed tripe rations Scrolls E - 4 uncursed scrolls of blank paper N - an uncursed scroll of create monster W - an uncursed scroll of destroy armor j - 2 uncursed scrolls of enchant weapon v - an uncursed scroll of food detection D - 4 uncursed scrolls of gold detection k - an uncursed scroll of identify H - an uncursed scroll of identify K - a cursed scroll of identify i - an uncursed scroll of light t - an uncursed scroll of light p - 2 uncursed scrolls of teleportation Spellbooks z - an uncursed spellbook of cure sickness l - a blessed spellbook of force bolt y - an uncursed spellbook of invisibility F - an uncursed spellbook of magic mapping r - an uncursed spellbook of restore ability m - an uncursed spellbook of stone to flesh Potions S - an uncursed potion of blindness X - an uncursed potion of booze V - an uncursed potion of confusion A - a blessed potion of enlightenment g - an uncursed potion of extra healing M - an uncursed potion of fruit juice f - an uncursed potion of gain energy s - an uncursed potion of levitation G - an uncursed potion of monster detection B - a blessed potion of object detection T - an uncursed potion of object detection h - an uncursed potion of sickness L - an uncursed potion of water Rings U - a cursed ring of aggravate monster u - an uncursed ring of polymorph control e - an uncursed ring of regeneration d - an uncursed ring of warning Wands c - a wand of digging (0:5) Y - a wand of make invisible (0:6) Tools x - an uncursed lock pick w - an uncursed magic whistle J - an uncursed tin whistle Gems/Stones I - 2 uncursed worthless pieces of white glass q - 2 uncursed worthless pieces of yellow glass C - an uncursed worthless piece of yellowish brown glass MargeBouvier the Wizard's attributes: Background: You were a Conjurer, a level 5 male orcish Wizard. You were chaotic, on a mission for Anhur who was opposed by Ptah (lawful) and Thoth (neutral). You were in the Dungeons of Doom, on level 7. You entered the dungeon 5311 turns ago. It was nighttime. There was a full moon in effect when your adventure ended. You had 318 experience points, 2 more were needed to attain level 6. Basics: You had 0 out of 37 hit points. You had 37 out of 51 energy points (spell power). Your armor class was 9. Your wallet contained 295 zorkmids. Autopickup was off. Final Characteristics: Your strength was 11 (base:12, limit:18/50). Your dexterity was 14 (limit:18). Your constitution was 15 (limit:18). Your intelligence was 16 (limit:16). Your wisdom was 15 (limit:16). Your charisma was 10 (limit:16). Final Status: You were deaf. You were fainted due to starvation. You were burdened; movement was slightly slowed. You were wielding a quarterstaff. You had basic skill with quarterstaff and could have enhanced that. Final Attributes: You were piously aligned. You were magic-protected. You were poison resistant. You were telepathic. You had infravision. You were warded. You were lucky. You are dead. Miscellaneous: You encountered 1 bones level. Total elapsed playing time was 28 minutes and 11 seconds. Major events: Turn 1: MargeBouvier the chaotic male orcish Wizard entered the dungeon 1162: attained the rank of Conjurer (level 3) 5311: killed by a gnome mummy, while fainted from lack of food Vanquished creatures: 2 small mimics a giant beetle a wood nymph a rock piercer a fog cloud a kobold mummy a paper golem 2 floating eyes a dwarf a homunculus a kobold leader a rothe 2 giant bats 2 dwarf zombies 6 iguanas 2 acid blobs a large kobold 2 giant rats 2 cave spiders a green mold 2 red molds a gnome 3 geckos 5 jackals 2 foxes a kobold 2 goblins 2 sewer rats 6 grid bugs 3 bats 5 lichens 3 kobold zombies 10 newts 77 creatures vanquished. No species were genocided or became extinct. Voluntary challenges: You read items or engraved 8 times. You engraved Elbereth 5 times. You never genocided any monsters. You never polymorphed an object. You never changed form. You used no wishes. Achievements: You attained the rank of Conjurer. You entered a shop. The Dungeons of Doom: levels 1 to 8 Level 1: An altar, some fountains, a sink. Level 2: Some fountains, a sink. Level 3: Some fountains, a grave. Level 4: A general store. Level 5: Many fountains, a sink. Level 6: Some fountains. Level 7: <- You were here. A general store, a sink. Final resting place for you, killed by a gnome mummy, while fainted from lack of food. Level 8: Final resting place for WizzyTheWeird-Wiz-Hum-Mal-Neu, killed by a leocrotta. Game over: ---------- / \ / REST \ / IN \ / PEACE \ / \ | MargeBouvier | | 295 Au | | killed by a | | gnome mummy | | | | | | 2023 | *| * * * | * _________)/\\_//(\/(/\)/\//\/|_)_______ Goodbye MargeBouvier the Wizard... You died in The Dungeons of Doom on dungeon level 7 with 1888 points, and 295 pieces of gold, after 5311 moves. You were level 5 with a maximum of 37 hit points when you died.